 Dungeon Crawl Stone Soup version 0.19.4-10-g532645f (webtiles) character file.

246105 Rrauwl the Warrior (level 19, -1/185 HPs)
             Began as a Centaur Abyssal Knight on Feb 22, 2017.
             Was a High Priest of Lugonu.
             Slain by a guardian serpent (6 damage)
             ... on level 4 of the Snake Pit.
             The game lasted 05:18:25 (40045 turns).

Rrauwl the Warrior (Centaur Abyssal Knight)        Turns: 40045, Time: 05:18:26

Health: -1/185     AC: 35    Str: 25    XL:     19   Next: 19%
Magic:  21/26      EV:  2    Int: 11    God:    Lugonu [*****.]
Gold:   1641       SH:  0    Dex: 12    Spells: 0 memorised, 18 levels left

rFire  + + .     SeeInvis .     B - +7 dire flail of Eternal Vigilance {vamp, Str+2}
rCold  + . .     Gourm    .     O - +10 plate armour of Xypycar {rN+}
rNeg   + + +     Faith    .     (shield currently unavailable)
rPois  .         Spirit   .     J - +2 hat "Haggipp" {+Fly}
rElec  .         Reflect  .     T - +1 cloak
rCorr  .         Harm     .     g - +1 pair of gloves
MR     ++...                    Q - +0 centaur barding of Pride {rN+}
Stlth  ..........               G - amulet of regeneration
                                x - ring of protection from fire
                                K - ring "Wotorext" {rC+ rN+ Str+3}

@: silence, constricted, invisible, very quick
A: hooves 3, horns 1, slimy green scales 1, deformed body, fire resistance 1,
speed 2, magic resistance 1, tough skin 3
a: Renounce Religion, Evoke Flight
}: 1/15 runes: decaying


You were on level 4 of the Snake Pit.
You worshipped Lugonu.
Lugonu was extremely pleased with you.
You were hungry.

You visited 8 branches of the dungeon, and saw 36 of its levels.
You visited the Abyss 4 times.
You visited 1 bazaar.

You collected 3114 gold pieces.
You spent 1473 gold pieces at shops.

Inventory:

Hand Weapons
 B - the +7 dire flail of Eternal Vigilance (weapon) {vamp, Str+2}
   (You bought it in a shop in a bazaar)

   It inflicts no extra harm, but heals its wielder when it wounds a living foe.
   It affects your strength (+2).
 W - the +8 arbalest "Nonum" {penet, +Blink}
   (You found it on level 3 of the Snake Pit)

   Ammo fired by it will pass through the targets it hits, potentially hitting
   all targets in its path until it reaches maximum range.
   It lets you blink.
Missiles
 t - 200 bolts
Armour
 g - a +1 pair of gloves (worn)
 J - the +2 hat "Haggipp" (worn) {+Fly}
   (You acquired it on level 8 of the Dungeon)

   It lets you fly.
 O - the +10 plate armour of Xypycar (worn) {rN+}
   (You found it on level 2 of the Lair of Beasts)

   It protects you from negative energy.
 Q - the +0 centaur barding of Pride (worn) {rN+}
   (You acquired it on level 6 of the Lair of Beasts)

   It protects you from negative energy.
 T - a +1 cloak (worn)
Jewellery
 x - a ring of protection from fire (right hand)
 G - an amulet of regeneration (around neck)
 K - the ring "Wotorext" (left hand) {rC+ rN+ Str+3}
   (You bought it in a shop on level 1 of the Snake Pit)

   [ring of positive energy]

   It affects your strength (+3).
   It protects you from cold.
   It protects you from negative energy.
Wands
 b - a wand of iceblast (4/15)
 k - a wand of heal wounds (5/9)
 l - a wand of acid (12/15)
 n - a wand of teleportation (3/9)
 y - a wand of digging (8/24)
 z - a wand of disintegration (16/24)
 R - a wand of hasting (4/9)
Scrolls
 d - 14 scrolls of identify
 e - a scroll of silence
 h - 9 scrolls of remove curse
 u - 9 scrolls of teleportation
 C - a scroll of fear
 L - 6 scrolls of fog
 M - a scroll of summoning
 S - a scroll of blinking
Potions
 m - a potion of curing
 p - 2 potions of invisibility
 P - a potion of cancellation
Miscellaneous
 c - a phantom mirror
 E - a phial of floods
Comestibles
 I - 10 slices of pizza


   Skills:
 + Level 20.2 Fighting
 - Level 18.0 Maces & Flails
   Level 10.0 Slings
 + Level 3.5 Crossbows
 - Level 7.0 Armour
 - Level 6.0 Dodging
 - Level 2.0 Stealth
 - Level 10.0 Invocations
 - Level 9.0 Evocations


You had 18 spell levels left.
You didn't know any spells.

Dungeon Overview and Level Annotations

Branches:
Dungeon (15/15)            Temple (0/1) D:5            Lair (6/6) D:11
  Swamp (4/4) Lair:4        Snake (4/4) Lair:3        Slime (0/5) Lair:5
    Orc (2/2) D:12            Elf (2/3) Orc:2        Vaults (2/5) D:13
 Depths (1/5) D:15
  Crypt: Vaults:2-3

Altars:
Ashenzari
Elyvilon
Kikubaaqudgha
Nemelex Xobeh
Okawaru
Sif Muna
Xom
The Shining One
Jiyva

Shops:
D:7 !   D:9 *%   D:12 *   D:13 :   Orc:1 *   Orc:2 *[%![=[   Snake:1 =}=
Snake:3 (   Snake:4 *   Vaults:1 }

Annotations:
Swamp:4 Lernaean hydra
Vaults:1 Donald


Innate Abilities, Weirdness & Mutations

You have hooves in place of feet.
Armour fits poorly on your strangely shaped body.
You cover ground very quickly.
You have extremely tough skin. (AC +3)
You have a pair of small horns on your head.
You are partially covered in slimy green scales. (AC +2)
Your flesh is heat resistant. (rF+)
You are resistant to hostile enchantments. (MR+)


Message History

The anaconda bites you.
* * * LOW HITPOINT WARNING * * *
The anaconda bites you!
* * * LOW HITPOINT WARNING * * *
x2 The anaconda constricts you.
The naga warrior hits you from afar with a glaive.
* * * LOW HITPOINT WARNING * * *
The black mamba bites you but does no damage.
The anaconda bites you but does no damage.
You fade into invisibility!
The anaconda bites you but does no damage. x2
* * * LOW HITPOINT WARNING * * *
The anaconda constricts you. The guardian serpent hits you.
* * * LOW HITPOINT WARNING * * *
The anaconda barely misses you.
The black mamba bites you but does no damage.
The anaconda bites you.
* * * LOW HITPOINT WARNING * * *
The guardian serpent hits you.
You die...

..........................##
...........................######
...)............(................
.................................
...##############................
#### ####............. #####
###########.............
##..######.......................
##..).........NS@S....####.......
##.##....###...SSSN.### ##......
##..########...NN...#### ###....
#..##....###...S......## #....
#..##......##..........### #....
#...(#.#.....#...........##.....
#...().#........................
#....))#........................
#.....)#........................


You could see 2 naga warriors, 3 anacondas, 2 guardian serpents, a black mamba
and 2 naga magi.

Vanquished Creatures
  A lich (Abyss:1)
  Asterion (Snake:3)
  Gastronok (Lair:3)
  2 thorn hunters (Swamp:4)
  A tengu reaver (Depths:1)
  A fire giant (D:15)
  5 nagarajas
  A vault warden (Vaults:1)
  A deep elf sorcerer (Vaults:1)
  2 orc warlords
  4 ironheart preservers
  An entropy weaver (Vaults:2)
  3 stone giants
  The ghost of vilekko the Protected, a journeyman MiFi of Trog (Lair:1)
  A very ugly thing (Abyss:1)
  A deep elf demonologist (Vaults:1)
  A dire elephant (Lair:6)
  Snorg (D:10)
  A deep elf high priest (Elf:1)
  9 ogre magi
  7 yaktaur captains
  4 vault guards (D:13)
  A great orb of eyes (Abyss:1)
  2 ice dragons (Depths:1)
  Harold (Lair:4)
  10 naga warriors
  A centaur warrior (Vaults:1)
  24 hydras
  A catoblepas (Lair:6)
  A ghost crab (Swamp:3)
  5 anacondas
  2 deep troll shamans
  16 dancing weapons
  16 death yaks
  5 alligators (Swamp:1)
  A thrashing horror (Abyss:1)
  11 naga sharpshooters
  A tengu warrior (D:15)
  7 shock serpents
  Urug (D:12)
  2 orc high priests (Elf:1)
  10 spriggans
  A sun demon (Abyss:1)
  4 large abominations (Abyss:1)
  7 deep elf knights
  A wretched star (Abyss:1)
  5 salamander mystics
  The ghost of smzp the Spear-Bearer, a novice MfGl of Okawaru (D:7)
  Nergalle (D:11)
  2 wizards (D:11)
  5 deep trolls
  A sixfirhy (Abyss:1)
  A glowing orange brain (Vaults:2)
  A sea snake (Snake:4)
  8 swamp dragons
  5 hill giants
  2 unseen horrors
  3 spriggan druids
  2 shambling mangroves
  An ironbrand convoker (Vaults:2)
  An orc knight (Orc:2)
  3 harpies (Vaults:1)
  9 deep elf archers
  8 mana vipers
  13 ugly things
  3 orc sorcerers
  28 deep elf magi
  2 manticores
  6 cyclopes
  3 guardian serpents (Snake:3)
  16 elephants
  Maurice (D:11)
  16 salamanders
  23 black mambas
  14 naga magi
  An apocalypse crab (Abyss:1)
  2 smoke demons (Abyss:1)
  4 gargoyles
  13 spiny frogs
  2 vault sentinels
  A torpor snail (Lair:6)
  A rime drake (shapeshifter) (Abyss:1)
  5 kobold demonologists
  A rime drake (Lair:6)
  8 komodo dragons
  A freezing wraith (Vaults:2)
  6 yaktaurs (Vaults:1)
  An ice devil (Abyss:1)
  13 hornets
  A tengu conjurer (D:15)
  A troll (D:14)
  An ancient zyme (Abyss:1)
  The ghost of StormFighter the Magician, a novice DEFE of Vehumet (D:5)
  13 two-headed ogres
  2 polar bears
  9 tyrant leeches
  A two-headed ogre (shapeshifter) (D:13)
  A blink frog (shapeshifter) (D:14)
  9 hippogriffs
  8 bog bodies
  14 blink frogs
  Prince Ribbit (D:6)
  7 dream sheep
  17 slime creatures
  A stone giant simulacrum (Vaults:1)
  2 shadows
  A redback (Vaults:2)
  3 air elementals (Elf:1)
  A wyvern (Lair:3)
  6 water elementals
  A tarantella (Vaults:2)
  A vampire (D:14)
  2 humans (shapeshifter)
  A fire elemental (Elf:1)
  69 yaks
  2 basilisks
  20 vampire mosquitoes
  A chaos spawn (Abyss:1)
  38 nagas
  14 swamp worms
  3 wargs
  27 insubstantial wisps
  A mottled dragon (D:13)
  13 water moccasins
  5 porcupines
  25 orc warriors
  4 ice beasts
  6 black bears
  2 eyes of draining
  13 swamp drakes
  2 necrophages
  5 phantoms
  19 wolves
  33 ogres
  5 centaurs
  10 crocodiles
  8 big kobolds
  Blork the orc (D:4)
  14 bullfrogs
  An earth elemental (Elf:1)
  A gnoll sergeant (D:13)
  3 scorpions
  A wyvern skeleton (D:12)
  2 howler monkeys
  A wight (D:13)
  An electric eel (Lair:5)
  11 crimson imps
  3 centaur zombies
  9 hounds
  6 centaur skeletons
  A bullfrog zombie (D:8)
  A gnoll shaman (D:7)
  2 jellies
  2 quasits (Abyss:1)
  12 orc priests
  31 orc wizards
  An iron imp (Abyss:1)
  2 bullfrog skeletons
  3 iguanas
  12 worker ants
  A hound zombie (D:5)
  16 gnolls
  A howler monkey skeleton (D:5)
  15 adders
  2 shadow imps
  An adder zombie (D:5)
  3 adder skeletons
  3 worms (D:2)
  2 dart slugs (D:1)
  3 leopard geckos
  76 orcs
  3 ball pythons
  5 giant cockroaches
  12 goblins
  5 hobgoblins
  6 jackals
  13 kobolds
  5 quokkas
  5 bats
  3 frilled lizards
  10 rats
  2 briar patches (Swamp:4)
  A fungus (Lair:1)
  2 plants (D:2)
1170 creatures vanquished.

Vanquished Creatures (others)
  An alligator (Swamp:3)
  2 blink frogs (Swamp:3)
  A swamp drake (Swamp:4)
  An orc (Orc:2)
  3 fungi
  7 plants
15 creatures vanquished.

Grand Total: 1185 creatures vanquished

Notes
Turn   | Place    | Note
-------+----------+-------------------------------------------
     0 | Abyss:1  | Rrauwl the Centaur Abyssal Knight began the quest for the Orb.
     0 | Abyss:1  | Reached XP level 1. HP: 19/19 MP: 2/2
    88 | Abyss:1  | Noticed a hellwing
    95 | Abyss:1  | Noticed a small abomination
   107 | Abyss:1  | Noticed an earth elemental
   118 | Abyss:1  | Noticed a ynoxinul
   123 | Abyss:1  | Noticed an iron imp
   124 | Abyss:1  | Noticed a ynoxinul
   125 | Abyss:1  | Noticed a golden dragon skeleton
   125 | Abyss:1  | Noticed an anaconda simulacrum
   128 | Abyss:1  | Noticed a bone dragon
   141 | Abyss:1  | Noticed a large abomination
   144 | Abyss:1  | Noticed a chaos spawn
   152 | Abyss:1  | Noticed a bone dragon
   152 | Abyss:1  | Noticed an apocalypse crab
   157 | Abyss:1  | Noticed a hungry ghost
   175 | Abyss:2  | Found a corrupted altar of Lugonu.
   231 | Abyss:2  | Noticed a thrashing horror
   232 | D:1      | Escaped the Abyss
   292 | D:1      | Gained mutation: Your spells are a little harder to cast, but a little more powerful. [potion of mutation]
   292 | D:1      | Gained mutation: Your natural rate of healing is unusually fast. [potion of mutation]
   292 | D:1      | Gained mutation: You are clumsy. (Dex -2) [potion of mutation]
   293 | D:1      | Gained mutation: You are partially covered in rugged brown scales. (AC +1, +3% HP) [potion of mutation]
   293 | D:1      | Gained mutation: You are partially covered in icy blue scales. (AC +2) [potion of mutation]
   293 | D:1      | Gained mutation: You are partially covered in slimy green scales. (AC +2) [potion of mutation]
   362 | D:1      | Reached * piety under Lugonu
   542 | D:1      | Reached XP level 2. HP: 26/26 MP: 3/3
   655 | D:1      | Gained mutation: Your flesh is cold resistant. (rC+) [potion of mutation]
   655 | D:1      | Gained mutation: You have a pair of small horns on your head. [potion of mutation]
  1036 | D:2      | Reached XP level 3. HP: 31/31 MP: 4/4
  1058 | D:2      | Found a white marble altar of Elyvilon.
  1058 | D:2      | Found a shattered altar of Ashenzari.
  1058 | D:2      | Found a glowing golden altar of the Shining One.
  1098 | D:2      | Reached XP level 4. HP: 39/39 MP: 5/5
  1146 | D:2      | Reached ** piety under Lugonu
  1638 | D:3      | Reached skill level 1 in Evocations
  1638 | D:3      | Reached XP level 5. HP: 46/46 MP: 6/6
  1643 | D:3      | Reached skill level 1 in Dodging
  2252 | D:4      | Noticed Blork the orc
  2256 | D:4      | Reached skill level 5 in Maces & Flails
  2256 | D:4      | Reached XP level 6. HP: 51/52 MP: 7/7
  2259 | D:4      | Killed Blork the orc
  2297 | D:4      | Found a shimmering altar of Xom.
  2366 | D:4      | Reached *** piety under Lugonu
  2369 | D:4      | Reached XP level 7. HP: 58/58 MP: 8/8
  2388 | D:4      | Got a faintly glowing hunting sling
  2389 | D:4      | Identified the +4 hunting sling of Gan Ixopluo {velocity, rC+ SInv} (You found it on level 4 of the Dungeon)
  2409 | D:4      | Found an ancient bone altar of Kikubaaqudgha.
  2430 | D:4      | Reached skill level 1 in Slings
  3049 | D:5      | Entered Level 5 of the Dungeon
  3105 | D:5      | Noticed StormFighter's ghost (novice DEFE)
  3141 | D:5      | Killed StormFighter's ghost
  3234 | D:5      | Reached XP level 8. HP: 64/64 MP: 9/9
  3622 | D:5      | Found a staircase to the Ecumenical Temple.
  3956 | D:6      | Reached skill level 5 in Slings
  4042 | D:6      | Noticed Prince Ribbit
  4058 | D:6      | Killed Prince Ribbit
  4204 | D:6      | Got a twisted ring mail
  4219 | D:6      | Identified the +2 ring mail of Theory {*Corrode rElec MR+ Int+4 Stlth+} (You found it on level 6 of the Dungeon)
  4286 | D:6      | Found a deep blue altar of Sif Muna.
  4462 | D:6      | Found a sparkling altar of Nemelex Xobeh.
  4501 | D:6      | Reached **** piety under Lugonu
  4554 | D:6      | Reached XP level 9. HP: 71/71 MP: 10/10
  4942 | D:7      | Noticed smzp's ghost (novice MfGl)
  5024 | D:7      | Killed smzp's ghost
  5281 | D:7      | Found Kejom's Distillery.
  5897 | D:8      | Paralysed by a hornet for 3 turns
  5975 | D:8      | Reached XP level 10. HP: 79/79 MP: 12/12
  6042 | D:8      | Reached ***** piety under Lugonu
  6067 | D:8      | Reached skill level 1 in Stealth
  6313 | D:8      | Identified a scroll of acquirement
  6314 | D:8      | Got a crude hat
  6320 | D:8      | Identified the +2 hat "Haggipp" {+Fly} (You acquired it on level 8 of the Dungeon)
  6465 | D:8      | Got an ichor-stained leather armour
  6476 | D:8      | Identified the +3 leather armour "Acekas" {rCorr Str+7} (You found it on level 8 of the Dungeon)
  6961 | D:9      | Reached skill level 4 in Fighting
  7023 | D:9      | Found Daphab's Food Boutique.
  7254 | D:9      | Found Bixa's General Store.
  7393 | D:10     | Entered Level 10 of the Dungeon
  7538 | D:10     | Reached skill level 5 in Fighting
  7572 | D:10     | Reached skill level 10 in Maces & Flails
  7805 | D:10     | Noticed Snorg
  7829 | D:10     | Killed Snorg
  7829 | D:10     | Reached XP level 11. HP: 91/91 MP: 14/14
  7897 | D:10     | Reached skill level 10 in Slings
  7937 | D:10     | Reached skill level 5 in Invocations
  7963 | D:10     | Reached skill level 6 in Fighting
  8979 | D:11     | Noticed a deep elf mage
  8981 | D:11     | Killed a deep elf mage
  9000 | D:11     | Noticed a wizard
  9000 | D:11     | Noticed a wizard
  9013 | D:11     | Killed a wizard
  9032 | D:11     | Killed a wizard
  9054 | D:11     | Noticed Nergalle
  9098 | D:11     | Found a staircase to the Lair.
  9119 | D:11     | Reached skill level 7 in Fighting
  9129 | D:11     | Noticed a five-headed hydra
  9141 | D:11     | Killed a five-headed hydra
  9178 | D:11     | Noticed a red ugly thing
  9180 | D:11     | Noticed Maurice
  9206 | D:11     | Killed a red ugly thing
  9274 | D:11     | Gained mutation: You are resistant to hostile enchantments. (MR+) [mutagenic meat]
  9308 | D:11     | Killed Maurice
  9368 | D:11     | Killed Nergalle
  9368 | D:11     | Reached skill level 8 in Fighting
  9385 | D:11     | Reached ****** piety under Lugonu
  9780 | D:11     | Noticed a red ugly thing
  9791 | D:11     | Killed a red ugly thing
  9791 | D:11     | Reached XP level 12. HP: 106/106 MP: 17/17
 10135 | Lair:1   | Entered Level 1 of the Lair of Beasts
 10159 | Lair:1   | Got a distressingly furry helmet
 10181 | Lair:1   | Identified the cursed -4 helmet of Patterns {rF+ rN++ Regen+ Slay-4} (You found it on level 1 of the Lair of Beasts)
 10402 | Lair:1   | Noticed vilekko's ghost (journeyman MiFi)
 10426 | Lair:1   | Killed vilekko's ghost
 10426 | Lair:1   | Reached skill level 9 in Fighting
 10695 | Lair:1   | Got a translucent great sword
 10696 | Lair:1   | Identified the +10 great sword "Zohuk" {slice, rF- rC+ Str+3} (You found it on level 1 of the Lair of Beasts)
 11232 | Lair:2   | Found a white marble altar of Elyvilon.
 11239 | Lair:2   | Reached skill level 10 in Fighting
 11435 | Lair:2   | Got a steaming plate armour
 11446 | Lair:2   | Identified the +10 plate armour of Xypycar {rN+} (You found it on level 2 of the Lair of Beasts)
 11538 | Lair:2   | Got a steaming ring mail
 11549 | Lair:2   | Identified the cursed +1 ring mail of Fashionability {+Blink rF+} (You found it on level 2 of the Lair of Beasts)
 12115 | Lair:3   | Noticed a death yak
 12119 | Lair:3   | Noticed a death yak
 12122 | Lair:3   | Noticed a death yak
 12123 | Lair:3   | Noticed a death yak
 12135 | Lair:2   | Killed a death yak
 12170 | Lair:3   | Noticed Gastronok
 12202 | Lair:3   | Killed Gastronok
 12250 | Lair:3   | Noticed a death yak
 12252 | Lair:3   | Noticed a death yak
 12304 | Lair:3   | Killed a death yak
 12304 | Lair:3   | Reached skill level 11 in Fighting
 12311 | Lair:3   | Killed a death yak
 12319 | Lair:3   | Killed a death yak
 12328 | Lair:3   | Killed a death yak
 12328 | Lair:3   | Reached XP level 13. HP: 86/119 MP: 18/18
 12425 | Lair:3   | Found a staircase to the Snake Pit.
 13203 | Lair:4   | Got a pair of spiked boots
 13232 | Lair:4   | Identified the -2 pair of boots "Campurug" {+Fly rF- rC+ rCorr} (You found it on level 4 of the Lair of Beasts)
 13255 | Lair:4   | Reached skill level 12 in Fighting
 13498 | Lair:4   | Noticed Harold
 13511 | Lair:4   | Killed Harold
 13720 | Lair:4   | Found a staircase to the Swamp.
 13925 | Lair:5   | Found a viscous altar of Jiyva.
 13926 | Lair:5   | Found a staircase to the Slime Pits.
 15146 | Lair:6   | Entered Level 6 of the Lair of Beasts
 15197 | Lair:6   | Reached XP level 14. HP: 114/129 MP: 19/19
 15268 | Lair:6   | Reached skill level 5 in Evocations
 15483 | Lair:6   | Gained mutation: You are somewhat resistant to further mutation. [potion of beneficial mutation]
 15498 | Lair:6   | Got a faintly glowing centaur barding
 15509 | Lair:6   | Identified the +0 centaur barding of Pride {rN+} (You acquired it on level 6 of the Lair of Beasts)
 15590 | Lair:6   | Reached skill level 5 in Dodging
 15600 | Lair:6   | Reached skill level 5 in Armour
 16258 | Lair:6   | Got a scorched scimitar
 16259 | Lair:6   | Identified the cursed +1 scimitar "Voqe" {freeze, +Rage Str+4 Int+3} (You found it on level 6 of the Lair of Beasts)
 16269 | Lair:6   | Identified a +9 rod of clouds (9/9) (You found it on level 6 of the Lair of Beasts)
 16911 | D:12     | Found a staircase to the Orcish Mines.
 16922 | D:12     | Reached skill level 15 in Maces & Flails
 16942 | D:12     | Noticed Urug
 16958 | D:12     | Killed Urug
 17018 | D:12     | Found Ibbucady's Assorted Antiques.
 17024 | D:12     | Bought a viscous purple potion for 25 gold pieces
 17356 | D:13     | Found Zinah's Book Emporium.
 17631 | D:13     | Reached XP level 15. HP: 119/138 MP: 21/21
 17733 | D:13     | Found a gate to the Vaults.
 18059 | D:13     | Reached skill level 13 in Fighting
 18952 | D:15     | Entered Level 15 of the Dungeon
 18952 | D:15     | Found a staircase to the Depths.
 18952 | D:15     | Noticed a fire giant
 18964 | D:15     | Killed a fire giant
 19394 | D:15     | Reached skill level 10 in Invocations
 19822 | Orc:1    | Entered Level 1 of the Orcish Mines
 19822 | Orc:1    | Found Piomoqaw's Assorted Antiques.
 19911 | Orc:1    | Bought 2 murky emerald potions for 57 gold pieces
 19911 | Orc:1    | Lost mutation: You are somewhat resistant to further mutation. [potion of cure mutation]
 19911 | Orc:1    | Lost mutation: You are partially covered in rugged brown scales. (AC +1, +3% HP) [potion of cure mutation]
 19911 | Orc:1    | Lost mutation: You are partially covered in slimy green scales. (AC +2) [potion of cure mutation]
 19911 | Orc:1    | Lost mutation: You are partially covered in icy blue scales. (AC +2) [potion of cure mutation]
 19911 | Orc:1    | Lost mutation: Your flesh is cold resistant. (rC+) [potion of cure mutation]
 19912 | Orc:1    | Lost mutation: You are clumsy. (Dex -2) [potion of cure mutation]
 19912 | Orc:1    | Lost mutation: Your spells are a little harder to cast, but a little more powerful. [potion of cure mutation]
 19912 | Orc:1    | Lost mutation: Your natural rate of healing is unusually fast. [potion of cure mutation]
 20015 | Orc:2    | Entered Level 2 of the Orcish Mines
 20015 | Orc:2    | Found Conn's Armour Emporium.
 20018 | Orc:2    | Noticed an orc warlord
 20096 | Orc:2    | Killed an orc warlord
 20348 | Orc:2    | Found Jeyss's Food Boutique.
 20360 | Orc:2    | Found a staircase to the Elven Halls.
 20405 | Orc:2    | Found Vian Dut's General Store.
 20586 | Orc:2    | Paralysed by an ogre mage for 4 turns
 20797 | Orc:2    | Found Xaymaughet's Armour Shop.
 20797 | Orc:2    | Found Ofet's Distillery.
 20801 | Orc:2    | Found Jyng's Armour Shoppe.
 20801 | Orc:2    | Found Liulet's Jewellery Shop.
 21295 | Swamp:1  | Entered Level 1 of the Swamp
 21370 | Swamp:1  | Gained mutation: Your flesh is heat resistant. (rF+) [potion of beneficial mutation]
 21438 | Swamp:1  | Paralysed by a hornet for 2 turns
 22037 | Swamp:1  | Gained mutation: You are partially covered in slimy green scales. (AC +2) [potion of beneficial mutation]
 23104 | Swamp:2  | Reached XP level 16. HP: 131/143 MP: 23/23
 24416 | Swamp:4  | Entered Level 4 of the Swamp
 24620 | Swamp:3  | Upgraded the game from 0.19.4-9-g45fd643 to 0.19.4-10-g532645f
 24934 | Swamp:4  | Noticed a thorn hunter
 24948 | Swamp:4  | Killed a thorn hunter
 24966 | Swamp:4  | Noticed a thorn hunter
 24984 | Swamp:4  | Killed a thorn hunter
 25713 | Swamp:4  | Noticed the 27-headed Lernaean hydra
 26700 | Swamp:4  | Got a decaying rune of Zot
 27105 | Abyss:1  | Found a corrupted altar of Lugonu.
 27142 | Abyss:2  | Found a corrupted altar of Lugonu.
 27161 | Swamp:4  | Escaped the Abyss
 27483 | Vaults:1 | Entered Level 1 of the Vaults
 27840 | Vaults:1 | Noticed an Executioner
 28215 | Vaults:1 | Reached XP level 17. HP: 122/150 MP: 24/24
 28838 | Vaults:1 | Found Oczokk's Gadget Boutique.
 28859 | Vaults:1 | Reached skill level 14 in Fighting
 29436 | Vaults:2 | Found an iron altar of Okawaru.
 29730 | Vaults:2 | Reached skill level 15 in Fighting
 29965 | Vaults:1 | Noticed Donald
 30150 | Elf:1    | Entered Level 1 of the Elven Halls
 30232 | Elf:1    | Got a dazzling chain mail
 30247 | Elf:1    | Identified the cursed +1 chain mail of the Tormentor {rElec Dex+4 Stlth+} (You found it on level 1 of the Elven Halls)
 31517 | Elf:1    | Reached skill level 16 in Fighting
 32129 | Elf:2    | Noticed a deep elf blademaster
 32422 | Abyss:1  | Noticed a lich
 32435 | Abyss:1  | Killed a lich
 32511 | Abyss:1  | Noticed a hellephant
 32610 | Abyss:1  | Reached skill level 17 in Fighting
 32621 | Abyss:1  | Reached XP level 18. HP: 80/169 MP: 25/25
 32707 | Elf:2    | Escaped the Abyss
 32822 | Elf:2    | Found a huge runed gate.
 32826 | Elf:2    | Found a huge runed gate.
 32827 | Elf:2    | Found a huge runed gate.
 32828 | Elf:2    | Found a huge runed gate.
 32829 | Elf:2    | Found a huge runed gate.
 33239 | Depths:1 | Entered Level 1 of the Depths
 33804 | Snake:1  | Entered Level 1 of the Snake Pit
 34035 | Snake:1  | Reached skill level 18 in Fighting
 34210 | Snake:1  | Got a translucent leather armour
 34227 | Snake:1  | Identified the cursed +0 leather armour of Suyvvoat {Str+5 Slay+3} (You found it on level 1 of the Snake Pit)
 35131 | Snake:1  | Found Icoutionn's Jewellery Boutique.
 35131 | Snake:1  | Found Hunigoj's Gadget Emporium.
 35132 | Snake:1  | Found Zushritu's Jewellery Boutique.
 35143 | Snake:1  | Bought the ring "Wotorext" {rC+ rN+ Str+3} for 685 gold pieces
 36067 | Snake:2  | Reached skill level 19 in Fighting
 36129 | Snake:2  | Found a flickering gateway to a bazaar.
 36139 | Bazaar   | Entered a bazaar
 36139 | Bazaar   | Found Catal's Jewellery Boutique.
 36139 | Bazaar   | Found Bydgh's Gadget Shop.
 36139 | Bazaar   | Found Qaijonu's Magic Scroll Boutique.
 36139 | Bazaar   | Found Geusiug's Antique Armour Boutique.
 36139 | Bazaar   | Found Zuschar's General Store.
 36139 | Bazaar   | Found Atephaci's Antique Weapon Boutique.
 36145 | Bazaar   | Bought a scroll of recharging for 133 gold pieces
 36145 | Bazaar   | Bought a scroll of recharging for 133 gold pieces
 36177 | Bazaar   | Bought a polished dire flail for 171 gold pieces
 36180 | Bazaar   | Identified the +7 dire flail of Eternal Vigilance {vamp, Str+2} (You bought it in a shop in a bazaar)
 36185 | Bazaar   | Bought a cursed ring of loudness for 40 gold pieces
 36188 | Bazaar   | Bought a scroll of enchant armour for 82 gold pieces
 36194 | Bazaar   | Bought a scroll of teleportation for 42 gold pieces
 36194 | Bazaar   | Bought a scroll of enchant armour for 105 gold pieces
 37108 | Snake:3  | Found Mirras's Antique Weapon Shoppe.
 37315 | Snake:3  | Got a faintly humming robe
 37326 | Snake:3  | Identified the +2 robe of It's Over Quickly {rC+ Regen+ rCorr} (You found it on level 3 of the Snake Pit)
 37395 | Snake:3  | Noticed Asterion
 37635 | Snake:3  | Escaped the Abyss
 37657 | Snake:3  | Killed Asterion
 38290 | Snake:3  | Reached XP level 19. HP: 163/184 MP: 26/26
 38332 | Snake:3  | Reached skill level 20 in Fighting
 38366 | Snake:3  | Got a crude arbalest
 38367 | Snake:3  | Identified the +8 arbalest "Nonum" {penet, +Blink} (You found it on level 3 of the Snake Pit)
 38962 | Vaults:1 | Reached skill level 1 in Crossbows
 39416 | Snake:4  | Entered Level 4 of the Snake Pit
 39541 | Snake:4  | Found Ybbienn's Assorted Antiques.
 40045 | Snake:4  | HP: 7/185 [guardian serpent (6)]
 40045 | Snake:4  | Slain by a guardian serpent

Skill      XL: |  1  2  3  4  5  6  7  8  9 10 11 12 13 14 15 16 17 18 19 |
---------------+----------------------------------------------------------+-----
Maces & Flails | 2 3 4 5 6 8 9 10 11 13 14 15 16 18 | 18.0
Evocations     | 1 2 3 4 6 8 9 |  9.0
Dodging        | 1 2 3 4 5 6 |  6.0
Armour         | 2 3 4 5 7 |  7.0
Slings         | 4 7 8 9 10 | 10.0
Stealth        | 1 2 |  2.0
Invocations    | 4 7 9 10 | 10.0
Fighting       | 5 8 11 12 13 17 19 20 | 20.2
Crossbows      | 3 |  3.5

Action                   |  1- 3 |  4- 6 |  7- 9 | 10-12 | 13-15 | 16-18 | 19-21 || total
-------------------------+-------+-------+-------+-------+-------+-------+-------++-------
Melee: Dire flail        |    94 |   157 |   327 |   620 |  1451 |  1829 |   155 ||  4633
       Kick              |    16 |    24 |    50 |   164 |   393 |   559 |    52 ||  1258
       Headbutt          |     9 |    15 |    31 |   129 |   268 |   381 |    33 ||   866
 Fire: Hunting sling     |       |       |   164 |    48 |     6 |   134 |       ||   352
Invok: Depart the Abyss  |     1 |       |       |       |       |     3 |       ||     4
       Bend Space        |       |       |       |       |       |    22 |    10 ||    32
       Enter the Abyss   |       |       |       |       |       |     3 |       ||     3
 Abil: Evoke Flight      |       |       |       |     2 |     1 |     8 |       ||    11
       Stop Flying       |       |       |       |     2 |       |     8 |       ||    10
Evoke: Wand              |       |       |       |       |     7 |    16 |     1 ||    24
  Use: Potion            |     5 |     5 |     3 |     6 |    14 |    17 |     4 ||    54
       Scroll            |     5 |     6 |     4 |    11 |    19 |    22 |     4 ||    71
 Stab: Confused          |       |       |       |       |       |     1 |       ||     1
       Invisible         |       |       |       |       |       |     1 |       ||     1
  Eat: Chunk             |       |     4 |     8 |    13 |    14 |    13 |     1 ||    53
       Pizza             |       |       |     1 |     1 |     1 |     1 |     1 ||     5
       Beef jerky        |       |       |       |     2 |       |     5 |       ||     7
       Bread ration      |       |       |       |       |     3 |     5 |       ||     8
       Fruit             |       |       |       |       |       |     7 |     2 ||     9
       Royal jelly       |       |       |       |       |       |     1 |       ||     1
Armor: Leather armour    |    15 |       |       |   210 |       |       |       ||   225
       Chain mail        |    19 |    98 |    72 |       |       |       |       ||   189
       Ring mail         |     7 |       |       |       |       |       |       ||     7
       Plate armour      |       |       |   251 |    84 |   878 |  1334 |   121 ||  2668
       Robe              |       |       |       |       |       |     6 |       ||     6
Dodge: Dodged            |    23 |    39 |    38 |   128 |   126 |   236 |    26 ||   616
